 Dungeon Crawl Stone Soup version 0.31-a0-1009-g454b1f1e0a (webtiles) character file.

Game seed: 16005985525523694407

85806 EC1 the Peltast (level 15, -46/138 HPs)
             Began as a Minotaur Fighter on Nov 15, 2023.
             Was the Champion of the Shining One.
             Killed from afar by Arachne (51 damage)
             ... with a bolt of poison
             ... on level 2 of the Spider Nest.
             The game lasted 01:22:02 (24505 turns).

EC1 the Peltast (Minotaur Fighter)                 Turns: 24505, Time: 01:22:04

Health: -46/138    AC: 28    Str: 27    XL:     15   Next: 39%
Magic:  14/14      EV:  8    Int:  5    God:    the Shining One [******]
Gold:   1800       SH:  0    Dex: 17    Spells: 14/14 levels left

rFire   + . .        J - +5 flail (freeze)
rCold   . . .        r - +4 kite shield
rNeg    + + +        p - +2 pearl dragon scales
rPois   .            K - +2 hat of Responsibility {Fly rF+}
rElec   .            h - +0 cloak
rCorr   .            Q - +0 pair of gloves
SInv    .            g - +0 pair of boots
Will    +....        l - amulet of regeneration Stlth
                     N - +4 ring of protection
HPRegen 1.23/turn    X - +6 ring of dexterity
MPRegen 0.14/turn

%: no passive effects
@: confused, lethally poisoned (-46 -> -69), ambrosia-drunk, flying, held,
glowing
A: horns 2, retaliatory headbutt, hooves 1
a: Renounce Religion, Divine Shield, Cleansing Flame, Summon Divine Warrior,
Brand Weapon With Holy Wrath


You were on level 2 of the Spider Nest.
You worshipped the Shining One.
The Shining One was exalted by your worship.
You visited 4 branches of the dungeon, and saw 18 of its levels.
You also visited: Gauntlet.

You collected 1904 gold pieces.
You spent 104 gold pieces at shops.

Inventory:

Hand Weapons
 B - a +6 short sword of venom
 J - a +5 flail of freezing (weapon)
 O - a +5 war axe
Missiles
 x - 6 boomerangs
 W - 4 silver javelins (quivered)
Armour
 g - a +0 pair of boots (worn)
 h - a +0 cloak (worn)
 o - the +2 robe of Dohuruschaty {Regen+ Int-5 Dex+3}
   (You found it in a Gauntlet)

   Int-5:     It affects your intelligence (-5).
   Dex+3:     It affects your dexterity (+3).
   Regen+:    It increases your rate of health regeneration.
 p - +2 pearl dragon scales (worn)
 r - a +4 kite shield (worn)
 s - an orb of energy
 E - an orb of mayhem
 I - an orb of wrath
 K - the +2 hat of Responsibility (worn) {Fly rF+}
   (You found it in a Gauntlet)

   rF+:       It protects you from fire.
   Fly:       It grants you flight.
 L - the +9 plate armour of Pebbyl {Fly Int+3 Slay-2}
   (You found it on level 5 of the Lair of Beasts)

   Int+3:     It affects your intelligence (+3).
   Slay-2:    It affects your accuracy & damage with ranged weapons and melee
   (-2).
   Fly:       It grants you flight.
 Q - a +0 pair of gloves (worn)
 Y - a +0 plate armour
Jewellery
 a - an amulet of reflection
 f - a ring of magical power
 j - a +5 ring of evasion
 l - an amulet of regeneration (around neck)
 F - a +6 ring of dexterity
 M - a ring of positive energy
 N - a +4 ring of protection (left hand)
 X - a +6 ring of dexterity (right hand)
Talismans
 n - a serpent talisman
Wands
 e - a wand of flame (18)
 q - a wand of polymorph (4)
 w - a wand of light (3)
 y - a wand of mindburst (9)
 G - a wand of charming (9)
 T - a wand of iceblast (9)
Scrolls
 i - 3 scrolls of silence
 k - 3 scrolls of amnesia
 t - 2 scrolls of noise
 v - a scroll of blinking
 A - a scroll of vulnerability
 C - 5 scrolls of teleportation
 R - 4 scrolls of poison
 U - 6 scrolls of identify
 Z - a scroll of butterflies
Potions
 b - 4 potions of resistance
 c - 5 potions of curing
 d - 3 potions of might
 m - a potion of mutation
 u - 2 potions of haste
 z - 4 potions of enlightenment
 H - a potion of cancellation
 P - a potion of berserk rage
 S - 9 potions of ambrosia
 V - a potion of invisibility
Miscellaneous
 D - a phantom mirror


   Skills:
 + Level 14.0 Fighting
 + Level 16.4 Maces & Flails
 + Level 1.2 Polearms
 + Level 2.0 Throwing
 + Level 13.1 Armour
 + Level 10.2 Dodging
 + Level 3.3 Stealth
 + Level 18.5 Shields
 + Level 1.0 Invocations
 + Level 3.0 Evocations


You had 14 spell levels left.
You didn't know any spells.
Your spell library contained the following spells:

 Spells                   Type           Power      Damage    Failure   Level
 Sandblast                Erth           0%         2d4       82%         1
 Sting                    Tmut/Pois      0%         1d3       82%         1
 Ensorcelled Hibernation  Hex/Ice        0%         N/A       91%         2
 Jinxbite                 Hex            0%         N/A       91%         2
 Passwall                 Tmut/Erth      0%         N/A       91%         2
 Poisonous Vapours        Pois/Air       0%         N/A       91%         2
 Inner Flame              Hex/Fire       0%         N/A       99%         3
 Stone Arrow              Conj/Erth      0%         3d7       99%         3
 Anguish                  Hex/Necr       0%         N/A       100%        4
 Brom's Barrelling Bould  Conj/Erth      0%         2d3       100%        4
 Flame Wave               Conj/Fire      0%         2d4       100%        4
 Manifold Assault         Tloc           0%         N/A       100%        4
 Olgreb's Toxic Radiance  Pois           0%         N/A       100%        4
 Sticky Flame             Conj/Fire      0%         2d3       100%        4
 Iskenderun's Battlesphe  Conj           0%         2d6       100%        5
 Bombard                  Conj/Erth      0%         9d1       100%        6
 Dispersal                Tloc           0%         N/A       100%        6
 Spellforged Servitor     Conj/Summ      0%         N/A       100%        7
 Disjunction              Tloc           0%         N/A       100%        8


Dungeon Overview and Level Annotations

Branches:
Dungeon (10/15)            Temple (1/1) D:4            Lair (5/5) D:8
 Shoals (0/4) Lair:3       Spider (2/4) Lair:2        Slime (0/5) Lair:5
    Orc (0/2) D:9         Gauntlet (visited)

Altars:
Ashenzari
Cheibriados
Dithmenos
Elyvilon
Fedhas
Gozag
Hepliaklqana
Kikubaaqudgha
Makhleb
Nemelex Xobeh
Okawaru
Qazlal
Ru
Sif Muna
Trog
Uskayaw
Vehumet
Wu Jian
Xom
Yredelemnul
Zin
The Shining One

Shops:
D:4 [   D:10 !

Annotations:
Spider:2 Arachne


Innate Abilities, Weirdness & Mutations

You have a pair of horns on your head.
You reflexively headbutt those who attack you in melee.
You have large cloven feet.


Message History

Aim: Arachne, wielding a staff of poison (lightly wounded, haloed, 82% to hit)
You throw a silver javelin.
The silver javelin barely misses Arachne.
You feel extremely sick.
Arachne hits you with a staff of poison!
Arachne envenoms you!!
You are more poisoned.
A redback comes into view.
Arachne hits you with a staff of poison.
You bludgeon Arachne!! You freeze Arachne! You headbutt Arachne!
Arachne is moderately wounded.
You feel very sick.
Arachne points her staff at you, shooting a stream of webbing.
The stream of webbing hits you but does no damage.
You are caught in a web!
Unknown command.
You struggle to detach yourself from the web.
You feel very sick. Arachne hits you but does no damage. Arachne envenoms you!!
You are more poisoned.
The redback closely misses you. Arachne hits you but does no damage.
Arachne envenoms you!!
* * * LOW HITPOINT WARNING * * *
You are more poisoned.
You struggle to detach yourself from the web.
You feel very sick.
The redback bites you but does no damage.
A redback comes into view.
Arachne points her staff at you, shooting a stream of webbing.
The stream of webbing hits you but does no damage.
You are even more entangled.
The redback bites you!
* * * LOW HITPOINT WARNING * * *
Okay, then.
You are confused.
You feel invigorated.
You feel sick.
Arachne stares at you and mumbles some strange words.
The bolt of poison hits you!!!
You are lethally poisoned!
You die...
Arachne says, "All wrapped up."

#...##...# ### ###..#^..##
#^### #...###...# #...##
#..##.^.### ##..<.#
#.##....##( #..#..#
###.....#$. #..#..#
###..#.#(s## ##..#..###
#^...###.Hs####^.###...#
###..## ##@.#.##...##..####
#.#..^####^..#..#....#......
#^..###.#..###)..†.#^#......
#.......##..#..#...######..#
#.#.....##..#..#####..#....#
###..#..#...#..##..##....###
#....#.##..##..#..........#
#..#.###..##...#..#).##.#.#
#..####...###..#..##..#####


You could see Arachne and 2 redbacks.

Vanquished Creatures
  Rupert (Lair:5)
  Gastronok (D:10)
  An emperor scorpion (Spider:2)
  A ghost moth (Spider:1)
  A minotaur (Gauntlet)
  3 radroaches (Spider:1)
  5 catoblepae
  Erica (D:8)
  A centaur warrior (D:9)
  A boulder beetle (Lair:5)
  A jorogumo (Spider:2)
  A deep troll shaman (Lair:5)
  3 two-headed ogres
  16 death yaks
  3 demonic crawlers
  Sonja (Lair:1)
  Amaemon (D:7)
  3 skysharks
  A wretched star (Gauntlet)
  2 pharaoh ants
  7 sun moths
  A lindwurm (Lair:5)
  Pikel (D:9)
  An oklob plant (Lair:2)
  A deep elf pyromancer (D:9)
  An arcanist (D:9)
  A steelbarb worm (Spider:2)
  4 wolf spiders
  17 elephants
  A cyclops (D:10)
  Joseph (D:9)
  6 black mambas
  An orange demon (D:8)
  3 torpor snails
  3 gargoyles
  8 cane toads
  Jeremiah (D:8)
  3 unseen horror zombies (D:9)
  10 komodo dragons
  3 rime drakes
  A queen bee (D:9)
  3 polar bears
  3 meliai (Spider:1)
  5 tarantellas
  3 hornets
  27 blink frogs
  18 dream sheep
  A snapping turtle (Lair:3)
  8 jumping spiders
  10 culicivoras
  4 wyverns
  A water elemental (Lair:3)
  A wraith (D:9)
  3 basilisks
  35 yaks
  2 steam dragons
  Grum (D:8)
  A vampire mosquito (D:9)
  3 neqoxecs (Gauntlet)
  13 redbacks
  An acid dragon (D:8)
  13 water moccasins
  A sky beast (D:7)
  2 ice beasts
  2 orc warriors
  8 black bears
  2 ogres (D:5)
  18 wolves
  A centaur (D:9)
  3 kobold brigands
  6 bullfrogs
  A necrophage (Lair:2)
  A wyvern zombie (D:9)
  7 scorpions
  9 wights
  31 killer bees
  3 electric eels (Lair:2)
  3 howler monkeys
  4 centaur zombies (D:9)
  5 hounds
  7 jellies (Lair:5)
  3 sleepcaps
  6 orc priests
  An iguana (D:7)
  5 orc wizards
  5 hell rats (Lair:3)
  4 howler monkey zombies (D:9)
  4 adders
  2 shadow imps
  A white imp (D:6)
  3 worms
  5 dart slugs
  35 orcs
  7 ball pythons
  2 bats
  7 endoplasms
  2 giant cockroaches
  4 goblins
  11 hobgoblins
  22 kobolds
  4 quokkas
  3 frilled lizards
  3 rats
  2 butterflies
534 creatures vanquished.

Notes
Turn   | Place    | Note
-------+----------+-------------------------------------------
     0 | D:1      | EC1 the Minotaur Fighter began the quest for the Orb.
     0 | D:1      | Reached XP level 1. HP: 19/19 MP: 0/0
   274 | D:1      | Reached XP level 2. HP: 27/27 MP: 1/1
   548 | D:1      | Reached skill level 1 in Throwing
   967 | D:1      | Reached XP level 3. HP: 31/33 MP: 2/2
  1478 | D:2      | Found a faded altar of an unknown god.
  2071 | D:3      | Reached XP level 4. HP: 33/40 MP: 3/3
  3096 | D:4      | Reached skill level 1 in Dodging
  3096 | D:4      | Reached XP level 5. HP: 46/47 MP: 4/4
  3436 | D:4      | Reached skill level 5 in Maces & Flails
  3436 | D:4      | Reached skill level 4 in Shields
  3651 | D:4      | Reached XP level 6. HP: 52/53 MP: 5/5
  3732 | D:4      | Found a staircase to the Ecumenical Temple.
  3801 | D:4      | Found Yroboyn's Antique Armour Emporium.
  4207 | D:4      | Reached skill level 5 in Armour
  4305 | D:4      | Found a sacrificial altar of Ru.
  4576 | Temple   | Entered the Ecumenical Temple
  4605 | Temple   | Became a worshipper of the Shining One
  4655 | D:5      | Entered Level 5 of the Dungeon
  4660 | D:5      | Reached skill level 1 in Stealth
  5113 | D:5      | Found a white marble altar of Elyvilon.
  5223 | D:5      | Reached skill level 5 in Fighting
  5232 | D:5      | Reached XP level 7. HP: 56/61 MP: 6/6
  6000 | D:6      | Found a hide-covered altar of Uskayaw.
  6200 | D:6      | Reached skill level 5 in Shields
  6735 | D:7      | Identified a scroll of acquirement
  6735 | D:7      | Acquired 853 gold pieces
  6771 | D:7      | Reached skill level 1 in Polearms
  6771 | D:7      | Reached XP level 8. HP: 57/70 MP: 7/7
  7165 | D:7      | Found a snail-covered altar of Cheibriados.
  7169 | D:7      | Found a glowing silver altar of Zin.
  7198 | D:7      | Found a shimmering blue altar of Sif Muna.
  7198 | D:7      | Found an iron altar of Okawaru.
  7200 | D:7      | Found a hazy altar of Hepliaklqana.
  7398 | D:7      | Reached skill level 6 in Shields
  8117 | D:8      | Noticed Amaemon
  8121 | D:8      | Noticed an orange demon
  8121 | D:8      | Reached * piety under the Shining One
  8122 | D:8      | Noticed Jeremiah
  8154 | D:8      | Noticed Grum
  8155 | D:8      | Noticed a komodo dragon
  8264 | D:8      | Noticed a two-headed ogre
  8265 | D:8      | Reached XP level 9. HP: 46/75 MP: 8/8
  8272 | D:7      | Reached skill level 7 in Shields
  8759 | D:7      | Killed a two-headed ogre
  8766 | D:7      | Killed a komodo dragon
  8807 | D:8      | Killed Grum
  8826 | D:8      | Reached skill level 1 in Evocations
  8839 | D:7      | Reached skill level 8 in Shields
  9007 | D:8      | Found a staircase to the Lair.
  9322 | D:7      | Killed Amaemon
  9323 | D:7      | Reached skill level 10 in Maces & Flails
  9323 | D:7      | Reached XP level 10. HP: 8/86 MP: 9/9
  9695 | D:8      | Killed an orange demon
  9895 | D:8      | Killed Jeremiah
 10120 | D:7      | Reached skill level 5 in Dodging
 10330 | D:8      | Noticed Erica
 10339 | D:8      | Killed Erica
 10340 | D:8      | Reached skill level 9 in Shields
 10774 | D:9      | Reached ** piety under the Shining One
 11072 | D:9      | Reached skill level 10 in Shields
 11129 | D:9      | Reached XP level 11. HP: 71/94 MP: 10/10
 11268 | D:9      | Noticed an arcanist
 11268 | D:9      | Noticed a deep elf pyromancer
 11277 | D:9      | Killed an arcanist
 11296 | D:9      | Killed a deep elf pyromancer
 11311 | D:9      | Noticed a centaur warrior
 11340 | D:9      | Killed a centaur warrior
 11357 | D:9      | Noticed Pikel
 11382 | D:9      | Killed Pikel
 11383 | D:9      | Reached skill level 11 in Shields
 11460 | D:9      | Noticed a two-headed ogre
 11473 | D:9      | Killed a two-headed ogre
 11479 | D:9      | Found a staircase to the Orcish Mines.
 11783 | D:9      | Noticed Joseph
 11783 | D:9      | Reached *** piety under the Shining One
 11803 | D:9      | Killed Joseph
 11896 | D:9      | Reached skill level 12 in Shields
 11942 | D:9      | Reached skill level 10 in Armour
 12357 | D:10     | Entered Level 10 of the Dungeon
 12357 | D:10     | Found Gywkotoo's Distillery.
 12370 | D:10     | Bought a potion of mutation for 104 gold pieces
 12382 | D:10     | Noticed Gastronok
 12410 | D:10     | Killed Gastronok
 12452 | D:10     | Reached XP level 12. HP: 104/104 MP: 11/11
 12630 | D:10     | Noticed a two-headed ogre
 12639 | D:10     | Killed a two-headed ogre
 12647 | D:10     | Found a bloodstained altar of Trog.
 12727 | D:10     | Found a burning altar of Makhleb.
 12955 | D:10     | Found a radiant altar of Vehumet.
 13006 | D:10     | Noticed a green death
 13475 | Lair:1   | Entered Level 1 of the Lair of Beasts
 13500 | Lair:1   | Noticed Sonja
 14024 | Lair:1   | Killed Sonja
 14996 | Lair:2   | Reached skill level 10 in Fighting
 15116 | Lair:2   | Reached **** piety under the Shining One
 15168 | Lair:2   | Reached skill level 13 in Shields
 15920 | Lair:2   | Reached XP level 13. HP: 91/114 MP: 12/12
 16005 | Lair:2   | Found a hole to the Spider Nest.
 16486 | Lair:2   | The Shining One protects you from harm!
 17010 | Lair:2   | Reached skill level 14 in Shields
 17441 | Lair:3   | Found a gate leading to a gauntlet.
 17463 | Gauntlet | Entered a Gauntlet
 17463 | Gauntlet | Found a transporter.
 17475 | Gauntlet | Found a transporter.
 17490 | Gauntlet | Found a transporter.
 17495 | Gauntlet | Found a transporter.
 17510 | Gauntlet | Found a transporter.
 17529 | Gauntlet | Found a transporter.
 17541 | Gauntlet | Found a transporter.
 17553 | Gauntlet | Found a transporter.
 17565 | Gauntlet | Found a transporter.
 17577 | Gauntlet | Found a transporter.
 17595 | Gauntlet | Found a transporter.
 17613 | Gauntlet | Found a transporter.
 17615 | Gauntlet | Found a transporter.
 17655 | Gauntlet | Found a transporter.
 17657 | Gauntlet | Found a transporter.
 17658 | Gauntlet | Found a transporter.
 17686 | Gauntlet | Found a transporter.
 17688 | Gauntlet | Found a transporter.
 17787 | Gauntlet | Reached skill level 15 in Maces & Flails
 17944 | Gauntlet | Reached ***** piety under the Shining One
 17979 | Gauntlet | Gained mutation: You have large cloven feet. [a neqoxec]
 18073 | Gauntlet | Noticed a minotaur
 18102 | Gauntlet | Killed a minotaur
 18175 | Gauntlet | Identified the +2 hat of Responsibility {Fly rF+}
 18175 | Gauntlet | Identified the +2 robe of Dohuruschaty {Regen+ Int-5 Dex+3}
 18175 | Gauntlet | Identified the +2 trident "Xusamnut" {flame, *Slow rElec
                  | rN++ MP-9}
 18178 | Gauntlet | Identified the +3 scale mail of Gravitas {*Corrode rN+
                  | Int+4}
 18193 | Gauntlet | Identified the +0 buckler "Sanegifi" {rPois}
 18916 | Lair:3   | Found a staircase to the Shoals.
 19357 | Lair:4   | Reached skill level 15 in Shields
 20158 | Lair:4   | Reached XP level 14. HP: 24/125 MP: 13/13
 20771 | Lair:5   | Entered Level 5 of the Lair of Beasts
 20840 | Lair:5   | Reached skill level 16 in Shields
 20906 | Lair:5   | Reached skill level 1 in Invocations
 20923 | Lair:5   | Found a staircase to the Slime Pits.
 20935 | Lair:5   | Identified the +9 plate armour of Pebbyl {Fly Int+3 Slay-2}
 21296 | Lair:5   | Reached skill level 17 in Shields
 21596 | Lair:5   | Noticed Rupert
 21606 | Lair:5   | Paralysed by Rupert for 4 turns
 21624 | Lair:5   | Killed Rupert
 21869 | Lair:5   | Identified the +4 ring mail of the Trombone {Str+2}
 22272 | Spider:1 | Entered Level 1 of the Spider Nest
 22405 | Spider:1 | Noticed a ghost moth
 22419 | Spider:1 | Killed a ghost moth
 22722 | Spider:1 | Reached XP level 15. HP: 118/136 MP: 14/14
 22905 | Spider:1 | Reached ****** piety under the Shining One
 23366 | Spider:1 | Reached skill level 18 in Shields
 23972 | Spider:2 | Noticed an emperor scorpion
 23998 | Spider:2 | Killed an emperor scorpion
 23999 | Spider:2 | Reached skill level 10 in Dodging
 24498 | Spider:2 | Noticed Arachne
 24504 | Spider:2 | HP: 2/138 [redback (10)]
 24505 | Spider:2 | Killed from afar by Arachne

Illustrated notes

Levels and vault maps discovered:
D:1:      minmay_arrival_shattered_statue, layout_basic,
          serial_co_window_serial, co_window_paths_b,
          co_window_of_opportunity_a, co_window_corner_a, co_window_cross_1,
          co_window_corner_a, co_window_paths_a, co_window_cross_1,
          co_window_cross_1, co_window_corner_a, co_window_broadway_a,
          co_window_cross_2, co_window_of_opportunity_c, co_window_paths_c,
          glass_columns_a, glass_columns_c, glass_columns_a, glass_columns_c,
          glass_columns_b, minmay_cut_off
D:2:      layout_loops_ring, shapermc_ecumenical_altar_mp_vishouse,
          grunt_decor_mini_mirrors
D:3:      layout_loops_ring, kennysheep_pointless_box, serial_bayou_crossing
D:4:      layout_layer_cave, nicolae_ru_the_path_less_chosen,
          minmay_temple_entry_antechambers, serial_shops,
          nicolae_shop_rolling_square, minmay_close_crescents
D:5:      layout_basic, elyvilon_altar_3
D:6:      kb_forest_paths, layout_cave_pods,
          nicolae_uskayaw_murder_on_the_dancefloor, serial_glass,
          glass_columns_a, glass_columns_b, glass_columns_b, glass_columns_a,
          glass_columns_a
D:7:      layout_layer_cave, nicolae_overflow_hidden_temple
D:8:      layout_rooms, due_lair_maze_entry_diamond, uniq_amaemon, uniq_erica,
          uniq_grum, uniq_jeremiah
D:9:      layout_roguey [special_room_bee], orc_0_dummy, serial_undead,
          serial_undead_b, serial_undead_c, serial_undead_c, serial_undead_b,
          serial_undead_c, serial_undead_d, serial_undead_f, serial_undead_a,
          dk_vineyard_2, kb_rosetta, uniq_pikel, uniq_joseph
D:10:     layout_cave_pools, mainiacjoe_overflow_cross_hatched,
          makhleb_altar_promises_db, trog_three_pillars_becter, serial_shops,
          shop, grunt_decor_clamped, uniq_gastronok
Temple:   minmay_freezing_vapour_temple
Lair:1:   layout_big_grid, uniq_sonja
Lair:2:   layout_chaotic_city, nicolae_spider_entry_lesser_pyramids,
          roderic_carrion_pond, nicolae_quartered_pool_medium,
          chequers_serial_rivers_room_a, infiniplex_staircase_pool,
          lemuel_fruit_fields
Lair:3:   layout_cave_pods, minmay_shoals_entry_hut, gauntlet_entry_generic,
          lemuel_fruit_fields
Lair:4:   layout_layer_cave, lemuel_fruit_tree
Lair:5:   grunt_lair_end_beastmaster, layout_loops_ring,
          nicolae_slime_entry_slimehenge, uniq_rupert
Spider:1: layout_chambers, nicolae_spider_solar_radiation
Spider:2: layout_spider_delve, uniq_arachne

Skill      XL: |  1  2  3  4  5  6  7  8  9 10 11 12 13 14 15 |
---------------+----------------------------------------------+-----
Fighting       | 4 5 6 7 8 9 10 11 13 14 | 14.0
Throwing       | 1 2 |  2.0
Maces & Flails | 3 4 5 6 8 10 11 13 14 15 16 | 16.4
Armour         | 4 5 6 7 8 9 10 11 12 13 | 13.1
Dodging        | 1 2 3 4 5 6 7 9 10 | 10.2
Shields        | 4 5 6 8 10 12 13 15 17 18 | 18.5
Stealth        | 1 2 3 |  3.3
Polearms       | 1 |  1.2
Evocations     | 1 2 3 |  3.0
Invocations    | 1 |  1.0

Action                     |  1- 3 |  4- 6 |  7- 9 | 10-12 | 13-15 || total
---------------------------+-------+-------+-------+-------+-------++-------
  Melee: Flail             |    97 |   153 |   181 |   474 |   984 ||  1889
         Headbutt          |     6 |    30 |    33 |   139 |   354 ||   562
         Spear             |       |       |    17 |       |       ||    17
  Throw: Stone             |     3 |       |       |       |       ||     3
         Dart              |       |       |       |     1 |       ||     1
         Javelin           |       |       |       |       |    14 ||    14
 Invoke: Divine Shield     |       |       |       |       |     1 ||     1
         Cleansing Flame   |       |       |       |       |     1 ||     1
  Evoke: Wand              |       |     2 |     5 |     6 |    16 ||    29
    Use: Scroll            |     5 |     5 |     8 |    10 |     1 ||    29
         Potion            |     4 |       |     4 |     1 |     5 ||    14
 Armour: Scale mail        |    52 |    83 |   146 |   260 |    85 ||   626
         Chain mail        |       |     5 |       |       |       ||     5
         Pearl dragon scal |       |       |       |       |   471 ||   471
  Dodge: Dodged            |    55 |    97 |   176 |   337 |   451 ||  1116
  Block: Buckler           |    29 |    18 |       |       |       ||    47
         Kite shield       |       |    21 |   150 |   458 |   866 ||  1495

Table legend: (Time is in decaauts)
 A = Elapsed time spent in this place.
 B = Non-inter-level travel time spent in this place.
 C = Inter-level travel time spent in this place.
 D = Time resting spent in this place.
 E = Time spent auto-exploring this place.
 F = Levels seen in this place.
 G = Mean time per level.
                   A        B        C        D        E       F      G
               +--------+--------+--------+--------+--------+-----+--------+
         Total |  24416 |  24048 |    368 |   4195 |   6298 |  19 | 1285.1 |
       Dungeon |  13580 |  13317 |    263 |   2447 |   3173 |  10 | 1358.0 |
        Temple |     34 |     34 |      0 |      0 |      0 |   1 |   34.0 |
          Lair |   7689 |   7689 |      0 |   1385 |   2122 |   5 | 1537.8 |
   Spider Nest |   2183 |   2078 |    105 |     73 |   1003 |   2 | 1091.5 |
      Gauntlet |    927 |    927 |      0 |    290 |      0 |   1 |  927.0 |
               +--------+--------+--------+--------+--------+-----+--------+

Top non-repeatable levels by time:
     D:7: 2706 daAuts
  Lair:2: 2123 daAuts
     D:4: 1726 daAuts
     D:9: 1652 daAuts
Spider:1: 1545 daAuts
  Lair:1: 1489 daAuts
  Lair:3: 1392 daAuts
  Lair:4: 1367 daAuts
     D:6: 1332 daAuts
  Lair:5: 1317 daAuts
     D:8: 1228 daAuts
     D:1: 1206 daAuts
     D:5: 994 daAuts
    D:10: 971 daAuts
     D:3: 949 daAuts
